 Dungeon Crawl Stone Soup version 0.20-a0-537-g052e6ba (webtiles) character file.

63 AlphabetPasta the Conjurer (level 4, -2/54 HPs)
             Began as a Naga Conjurer on Jan 28, 2017.
             Slain by Robin
             ... wielding a +0 spear
              (4 damage)
             ... on level 2 of the Dungeon.
             The game lasted 00:06:23 (1213 turns).

AlphabetPasta the Conjurer (Naga Conjurer)          Turns: 1213, Time: 00:06:23

Health: -2/54      AC:  2    Str: 15    XL:     4   Next: 9%
Magic:  4/8        EV: 10    Int: 16    God:
Gold:   79         SH:  0    Dex: 12    Spells: 2/8 levels left

rFire    . . .     SeeInvis +   h - +0 spear
rCold    . . .     Gourm    .   a - +0 robe
rNeg     . . .     Faith    .   (no shield)
rPois    +         Spirit   .   (no helmet)
rElec    .         Reflect  .   (no cloak)
rCorr    .         Harm     .   (no gloves)
MR       .....                  (no barding)
Stlth    ..........             (no amulet)
Regen    0.2/turn               (no ring)
                                (no ring)

@: berserking (expiring), quick
A: see invisible, deformed body, poison resistance, slowness 2, slow metabolism
1, spit poison 1, AC +1
a: Spit Poison


You were on level 2 of the Dungeon.
You were hungry.

You visited 1 branch of the dungeon, and saw 2 of its levels.

You collected 79 gold pieces.

Inventory:

Hand Weapons
 h - a +0 spear (weapon)
Armour
 a - a +0 robe (worn)
Scrolls
 e - a scroll of remove curse
Potions
 g - a potion of agility {unknown}
Books
 b - a book of Conjurations

   Spells                             Type                      Level
   a - Magic Dart                     Conjuration                  1
   b - Searing Ray                    Conjuration                  2
   c - Dazzling Spray                 Conjuration/Hexes            3
   d - Fulminant Prism                Conjuration/Hexes            4
   e - Iskenderun's Mystic Blast      Conjuration                  4
   f - Iskenderun's Battlesphere      Conjuration/Charms           5
Comestibles
 c - 2 bread rations


   Skills:
 - Level 1.5 Dodging
 - Level 3.0 Stealth
 + Level 2.8 Spellcasting
 * Level 5.0 Conjurations


You had 2 spell levels left.
You knew the following spells:

 Your Spells              Type           Power        Failure   Level  Hunger
a - Magic Dart            Conj           ###.         2%          1    #......
b - Searing Ray           Conj           ###...       4%          2    ##.....
c - Dazzling Spray        Conj/Hex       ##....       21%         3    ###....


Dungeon Overview and Level Annotations

Branches:
Dungeon (2/15)

Altars:

Annotations:
D:2 Robin


Innate Abilities, Weirdness & Mutations

You cannot wear boots.
Your serpentine skin is tough. (AC +1)
You have supernaturally acute eyesight. (SInv)
Armour fits poorly on your strangely shaped body.
Your system is resistant to poisons. (rPois)
You cover ground very slowly.
You have a slow metabolism.
You can spit poison.


Message History

The adder hisses angrily.
Robin's horned helmet rattles.
The goblin hits you.
* * * LOW HITPOINT WARNING * * *
Unknown command.
You puncture the worm!
The worm is heavily wounded.
Robin closely misses you. The worm bites you.
* * * LOW HITPOINT WARNING * * *
You hit the worm.
The worm is severely wounded.
The goblin closely misses you.
You puncture the worm!
You kill the worm!
Robin misses you. The goblin barely misses you.
You puncture the goblin!
You kill the goblin!
Robin barely misses you. The goblin closely misses you.
You closely miss the goblin. Robin hits you from afar with a spear.
You die...

#. #.#.# #.#.#
#.#.# ##
##.#.#####.#
#.#...S...#
.####.....g#.#
.......%..gg##
.........#.#@##
#####gg.#.##g#
#...#.###.#
#.gg#.# .#
#.g........
#...###?#.#r
#g###. .... #$#
# .. .. .g. ##
...


You could see Robin, an adder, a quokka, a hobgoblin and 2 goblins.

Vanquished Creatures
  An adder (D:2)
  An ooze (D:1)
  A worm (D:2)
  2 dart slugs (D:1)
  A leopard gecko (D:1)
  5 bats (D:1)
  3 giant cockroaches (D:1)
  6 goblins
  7 hobgoblins
  4 frilled lizards
  5 kobolds
  7 rats
43 creatures vanquished.

Notes
Turn   | Place    | Note
-------+----------+-------------------------------------------
     0 | D:1      | AlphabetPasta the Naga Conjurer began the quest for the Orb.
     0 | D:1      | Reached XP level 1. HP: 15/15 MP: 3/3
   148 | D:1      | Reached XP level 2. HP: 22/22 MP: 0/5
   157 | D:1      | Learned a level 2 spell: Searing Ray
   422 | D:1      | Reached XP level 3. HP: 28/28 MP: 4/6
   877 | D:1      | Learned a level 3 spell: Dazzling Spray
  1183 | D:2      | Noticed Robin
  1207 | D:2      | Reached skill level 5 in Conjurations
  1207 | D:2      | Reached XP level 4. HP: 8/36 MP: 3/8
  1209 | D:2      | HP: 1/54 [worm (2)]
  1213 | D:2      | Slain by Robin

Vault maps used:
D:1:      saegor_arrival_under_anarchy
D:2:      lemuel_round_altar, chequers_temple_overflow_minitemple, first_bread,
          minmay_distorted, uniq_robin, uniq_sigmund

Skill      XL: |  1  2  3 |
---------------+----------+-----
Conjurations   | 5 |  5.0
Dodging        | |  1.5
Stealth        | |  3.0
Spellcasting   | |  2.8

Action                   |  1- 3 |  4- 6 || total
-------------------------+-------+-------++-------
Melee: Unarmed           |     1 |       ||     1
       Spear             |    10 |     6 ||    16
 Cast: Magic Dart        |    44 |       ||    44
       Searing Ray       |     2 |       ||     2
 Abil: Spit Poison       |    11 |       ||    11
  Use: Scroll            |     2 |       ||     2
       Potion            |     1 |       ||     1
 Stab: Sleeping          |     1 |       ||     1
  Eat: Chunk             |     1 |       ||     1
Armor: Robe              |     3 |       ||     3
Dodge: Dodged            |    19 |     6 ||    25
